 Dungeon Crawl Stone Soup version 0.23.2-33-g5129a83184 (webtiles) character file.

Game seed: 10423595528083662164

330 kae the Insei (level 6, -4/49 HPs)
             Began as a Demonspawn Monk on July 23, 2019.
             Slain by a mummy (7 damage)
             ... in an ossuary.
             The game lasted 00:05:31 (4079 turns).

kae the Insei (Demonspawn Monk)                     Turns: 4079, Time: 00:05:31

Health: -4/49      AC: 16    Str: 11    XL:     6   Next: 26%
Magic:  6/6        EV: 11    Int: 11    God:
Gold:   167        SH:  0    Dex: 18    Spells: 5/5 levels left

rFire    . . .     SeeInvis .     - Unarmed
rCold    + . .     Gourm    .   (no shield)
rNeg     . . .     Faith    .   h - +0 swamp dragon scales
rPois    +         Spirit   .   l - +0 helmet
rElec    .         Reflect  .   f - +1 cloak
rCorr    .         Harm     .   g - +2 pair of gloves
MR       .....                  o - +0 pair of boots (curse)
Stlth    ++........             (no amulet)
HPRegen  0.16/turn              c - ring of stealth
MPRegen  0.10/turn              (no ring)

@: no status effects
A: iridescent scales 1, cold resistance 1
a: no special abilities


You were in an ossuary.
You were not hungry.

You visited 1 branch of the dungeon, and saw 4 of its levels.
You also visited: Ossuary.

You collected 167 gold pieces.

Inventory:

Armour
 e - a +1 leather armour of poison resistance
 f - a +1 cloak (worn)
 g - a +2 pair of gloves (worn)
 h - +0 swamp dragon scales (worn)
 l - a +0 helmet (worn)
 o - a cursed +0 pair of boots (worn)
Jewellery
 c - a ring of stealth (left hand)
Scrolls
 a - 2 scrolls of teleportation
 d - 2 scrolls of remove curse
Potions
 j - a potion of berserk rage {unknown}
 k - 2 potions of lignification {unknown}
 n - a potion of resistance {unknown}
 p - a potion of curing {unknown}
Comestibles
 b - 5 rations


   Skills:
 + Level 4.7 Fighting
 - Level 2.6 Dodging
 - Level 1.7 Stealth
 * Level 5.5 Unarmed Combat


You had 5 spell levels left.
You didn't know any spells.
Your spell library was empty.

Dungeon Overview and Level Annotations

Branches:
Dungeon (4/15)
 Temple: D:4-7

Altars:
Nemelex Xobeh
Qazlal
Yredelemnul
Zin


Innate Abilities, Weirdness & Mutations

You are partially covered in iridescent scales. (AC +2)
Your flesh is cold resistant. (rC+)


Message History

* * * LOW HITPOINT WARNING * * *
The rat zombie bites you but does no damage.
The jackal zombie closely misses you.
You hit the rat zombie.
The rat zombie is severely damaged.
A rat zombie comes into view.
The rat zombie bites you but does no damage. x2
The jackal zombie bites you but does no damage.
The rat zombie bites you but does no damage.
An elf zombie comes into view.
The rat zombie bites you but does no damage.
The jackal zombie closely misses you.
The jackal zombie bites you but does no damage.
The jackal zombie bites you but does no damage.
The mummy barely misses you.
The jackal zombie bites you but does no damage.
The human zombie hits you.
* * * LOW HITPOINT WARNING * * *
The mummy hits you!
You die... ..######^.######Z..# ..# #..# #.Z.# ..# #^^# #.M.# ..# #^.# #...# ..# .... #.Z.# ZZ#

....## #..Z# .Z#
.....# #.Z.# ..#
....Z.# #.Z.#
..#.....∩.# #@MZ#
..# #...# ..# #...#
.Z# #...#
..##############...#
....Z.ZZ...........#
....Z.Z.Z∩Z........#
####################


You could see 2 mummies, 3 rat zombies, a jackal zombie, an elf zombie and a
human zombie.

Vanquished Creatures
  2 centaur zombies (Ossuary)
  An iguana (D:4)
  2 worker ants (D:4)
  4 gnolls (D:3)
  5 adders
  An ooze (D:1)
  An adder zombie (Ossuary)
  3 worms
  2 leopard geckos
  3 orcs
  3 giant cockroaches (D:2)
  5 goblins
  7 hobgoblins
  12 jackals
  7 kobolds
  2 quokkas
  3 bats
  3 frilled lizards (D:2)
  8 hobgoblin zombies (Ossuary)
  5 kobold zombies (Ossuary)
  8 orc zombies (Ossuary)
  4 rats
91 creatures vanquished.

Notes
Turn   | Place    | Note
-------+----------+-------------------------------------------
     0 | D:1      | kae the Demonspawn Monk began the quest for the Orb.
     0 | D:1      | Reached XP level 1. HP: 18/18 MP: 1/1
   186 | D:1      | Reached skill level 3 in Unarmed Combat
   570 | D:1      | Gained mutation: You are partially covered in iridescent
                  | scales. (AC +2) [demonic ancestry]
   570 | D:1      | Reached XP level 2. HP: 5/24 MP: 2/2
  1469 | D:2      | Gained mutation: Your flesh is cold resistant. (rC+)
                  | [demonic ancestry]
  1469 | D:2      | Reached XP level 3. HP: 29/29 MP: 3/3
  1906 | D:2      | Found a sparkling altar of Nemelex Xobeh.
  2397 | D:3      | Reached skill level 4 in Unarmed Combat
  2397 | D:3      | Reached XP level 4. HP: 37/37 MP: 4/4
  3464 | D:3      | Reached XP level 5. HP: 42/42 MP: 5/5
  3598 | D:4      | Found a stormy altar of Qazlal.
  3599 | D:4      | Found a glowing silver altar of Zin.
  3616 | D:4      | Found a basalt altar of Yredelemnul.
  3672 | D:4      | Reached skill level 5 in Unarmed Combat
  3785 | D:4      | Found a sand-covered staircase.
  3804 | Ossuary  | Entered an ossuary
  3979 | Ossuary  | Reached XP level 6. HP: 31/49 MP: 6/6
  4079 | Ossuary  | Slain by a mummy

Skill      XL: |  1  2  3  4  5 |
---------------+----------------+-----
Unarmed Combat | 3 4 5 |  5.5
Fighting       | 4 |  4.7
Dodging        | |  2.6
Stealth        | |  1.7

Action                   |  1- 3 |  4- 6 || total
-------------------------+-------+-------++-------
Melee: Unarmed           |   159 |   270 ||   429
       Punch             |     3 |     8 ||    11
  Use: Scroll            |     5 |     2 ||     7
       Potion            |       |     3 ||     3
 Stab: Sleeping          |     5 |     4 ||     9
  Eat: Chunk             |     2 |     5 ||     7
       Ration            |     1 |       ||     1
Armor: Robe              |    30 |    28 ||    58
       Swamp dragon scal |       |    73 ||    73
       Leather armour    |       |    11 ||    11
Dodge: Dodged            |    80 |   179 ||   259
